 Dungeon Crawl Stone Soup version 0.28-a0-983-g1de4e0787c (console) character file.

Game seed: 15299214164218199811

21 petzl the Vexing (level 2, -1/18 HPs)
             Began as an Octopode Arcane Marksman on Dec 2, 2021.
             Slain by a kobold (5 damage)
             ... on level 1 of the Dungeon.
             The game lasted 00:00:44 (664 turns).

petzl the Vexing (Octopode Arcane Marksman)          Turns: 664, Time: 00:00:46

Health: -1/18      AC:  1    Str:  9    XL:     2   Next: 87%
Magic:  3/4        EV: 13    Int: 15    God:
Gold:   57         SH:  0    Dex: 12    Spells: 2/3 levels left

rFire   . . .      SeeInvis .   a - +0 hand crossbow
rCold   . . .      Faith    .   (no shield)
rNeg    . . .      Spirit   .   (helmet restricted)
rPois   .          Reflect  .   (no amulet)
rElec   .          Harm     .   (no ring)
rCorr   .          Rampage  .   (no ring)
Will    .....                   (no ring)
Stlth   +++.......              (no ring)
HPRegen 0.06/turn               (no ring)
MPRegen 0.09/turn               (no ring)
                                (no ring)
                                (no ring)

@: no status effects
A: almost no armour, amphibious, 8 rings, camouflage 1, gelatinous body 1,
(nimble swimmer 1), tentacles
a: no special abilities


You were on level 1 of the Dungeon.
You visited 1 branch of the dungeon, and saw 1 of its levels.

You collected 57 gold pieces.

Inventory:

Hand Weapons
 a - a +0 hand crossbow (weapon)
Missiles
 c - 11 bolts (quivered ammo)
Scrolls
 d - 3 scrolls of magic mapping {unknown}
 f - a scroll of identify {unknown}
Potions
 b - a potion of resistance {unknown}
 e - a potion of heal wounds {unknown}


   Skills:
 + Level 1.4 Fighting
 + Level 2.2 Crossbows
 + Level 2.2 Dodging
 + Level 1.3 Stealth
 + Level 1.3 Spellcasting
 - Level 3.0 Hexes


You had 2 spell levels left.
You knew the following spells:

 Your Spells              Type           Power      Damage    Failure   Level
a - Slow                  Hex            40%        N/A       7%          1

Your spell library contained the following spells:

 Spells                   Type           Power      Damage    Failure   Level
 Inner Flame              Hex/Fire       5%         N/A       36%         3
 Portal Projectile        Hex/Tloc       10%        N/A       36%         3
 Cause Fear               Hex            5%         N/A       56%         4


Dungeon Overview and Level Annotations

Branches:
Dungeon (1/15)

Altars:


Innate Abilities, Weirdness & Mutations

You cannot wear most types of armour.
You are amphibious.
You can wear up to eight rings at the same time.
Your skin changes colour to match your surroundings (Stealth+).
Your rubbery body absorbs attacks. (AC +1, EV +1)
((You are camouflaged near water. (Stealth+)))
You have tentacles for arms and can constrict up to eight enemies at once.


Message History

A jackal comes into view.
You shoot a bolt. The bolt barely misses the jackal.
The jackal closely misses you. The jackal barely misses you.
You shoot a bolt. The bolt closely misses the jackal.
The jackal bites you. x4
You shoot a bolt. The bolt hits the jackal!
You kill the jackal!
The jackal bites you.
A kobold comes into view. It is wielding a +0 short sword.
You are too injured to fight recklessly!
You are too injured to fight recklessly!
The jackal bites you. The jackal bites you.
You are too injured to fight recklessly!
You are too injured to fight recklessly!
You are too injured to fight recklessly!
You are too injured to fight recklessly!
You are too injured to fight recklessly!
Fire: 15 bolts
Press: ? - help, Q - select action, (/) - cycle Shift-Dir - straight line, f - jackal
Aim: a jackal (55% to hit)
You shoot a bolt. The bolt hits the jackal.
You kill the jackal!
The jackal closely misses you.
Fire: 14 bolts
Press: ? - help, Q - select action, (/) - cycle Shift-Dir - straight line, f - jackal
Aim: a jackal (55% to hit)
You shoot a bolt. The bolt barely misses the jackal.
The jackal misses you. The jackal bites you.
* * * LOW HITPOINT WARNING * * *
Fire: 13 bolts
Press: ? - help, Q - select action, (/) - cycle Shift-Dir - straight line, f/p - jackal
Aim: a jackal (55% to hit)
You shoot a bolt. The bolt hits the jackal!
You kill the jackal!
Fire: 12 bolts
Press: ? - help, Q - select action, (/) - cycle Shift-Dir - straight line, f - kobold
Aim: a kobold, wielding a +0 short sword (55% to hit)
You shoot a bolt. The bolt barely misses the kobold.
The kobold barely misses you.
The kobold hits you with a +0 short sword.
You die...

...#.####......#
...#.# #....#...
##.#.# #)#.######
##.#.####.#.#
...†.......[#
#####.###.### #.#
#.##### #.# #.....#
#># #####.# #.# #.#
.# #.# #.# .# #.# #.#
.# #####.# #.########
###.# ......#
#......... ...
####### #>.#######
#.# #..# ###.### #_.#
#....(#
#..############.###(#
#...........@K..# .#
#.#############.# K#
#.# #... .# # #†#
###.#.# # #.# ...# #
#.# ### #### #.# ...#
#.# ##.##########.#
##............#
################## #
#............... #
#.#####.##.##### #
#.# #.# .. # #.# #.#
## ###.# #.# ....#
#.# ##### #.# #.#


You could see a kobold.

Vanquished Creatures
  2 dart slugs (D:1)
  2 ball pythons (D:1)
  2 goblins (D:1)
  4 jackals (D:1)
  2 quokkas (D:1)
  A frilled lizard (D:1)
  A kobold (D:1)
  A rat (D:1)
15 creatures vanquished.

Notes
Turn   | Place    | Note
-------+----------+-------------------------------------------
     0 | D:1      | petzl the Octopode Arcane Marksman began the quest for the
                  | Orb.
     0 | D:1      | Reached XP level 1. HP: 13/13 MP: 2/2
   415 | D:1      | Reached XP level 2. HP: 18/18 MP: 3/3
   484 | D:1      | Reached skill level 1 in Stealth
   575 | D:1      | Found a faded altar of an unknown god.
   664 | D:1      | Slain by a kobold

Illustrated notes

Levels and vault maps discovered:
D:1:      nicolae_arrival_washed_ashore, layout_loops_ring,
          basic_ecumenical_altar

Skill      XL: |  1  2 |
---------------+-------+-----
Stealth        | 1 |  1.3
Fighting       | |  1.4
Crossbows      | |  2.2
Dodging        | |  2.2
Spellcasting   | |  1.3
Hexes          | |  3.0

Action                   || total
-------------------------++-------
 Fire: Hand crossbow     ||    33
Armor: Skin              ||     1
Dodge: Dodged            ||     7

Table legend: (Time is in decaauts)
 A = Elapsed time spent in this place.
 B = Non-inter-level travel time spent in this place.
 C = Inter-level travel time spent in this place.
 D = Time resting spent in this place.
 E = Time spent auto-exploring this place.
 F = Levels seen in this place.
 G = Mean time per level.
                   A        B        C        D        E       F      G
               +--------+--------+--------+--------+--------+-----+--------+
         Total |    676 |    676 |      0 |    100 |    485 |   1 |  676.0 |
       Dungeon |    676 |    676 |      0 |    100 |    485 |   1 |  676.0 |
               +--------+--------+--------+--------+--------+-----+--------+

Top non-repeatable levels by time:
     D:1: 676 daAuts
